 Dungeon Crawl Stone Soup version 0.29.0-4-gdea44cf6ec (webtiles) character file.

Game seed: 9473701794642939317

4 qw the Sneak (level 1, -2/14 HPs)
             Began as a Gargoyle Delver on Sept 10, 2022.
             Was an Initiate of Okawaru.
             Slain by an iguana (7 damage)
             ... on level 5 of the Dungeon.
             The game lasted 00:00:07 (392 turns).

qw the Sneak (Gargoyle Delver)                       Turns: 392, Time: 00:00:08

Health: -2/14      AC:  5    Str: 15    XL:     1   Next: 60%
Magic:  1/1        EV: 11    Int: 10    God:    Okawaru [......]
Gold:   0          SH:  0    Dex: 11    Spells: 0/0 levels left

rFire   . . .      SeeInvis .   Y - +0 hand axe
rCold   . . .      Faith    .   (no shield)
rNeg    + . .      Spirit   .   b - +0 leather armour
rPois   inf        Reflect  .   (no helmet)
rElec   +          Harm     .   (no cloak)
rCorr   .          Rampage  .   (no gloves)
Will    .....                   (no boots)
Stlth   +++.......              (no amulet)
HPRegen 0.04/turn               (no ring)
MPRegen 0.07/turn               (no ring)

@: no status effects
A: sickness immunity, AC +2, negative energy resistance 1, electricity
resistance, torment resistance 1, petrification resistance
a: Renounce Religion


You were on level 5 of the Dungeon.
You worshipped Okawaru.
Okawaru was noncommittal.
You visited 2 branches of the dungeon, and saw 2 of its levels.


Innate Abilities, Weirdness & Mutations

You are immune to sickness and miasma.
Your stone body is resilient. (AC +2)
You are immune to poison.
You resist negative energy. (rN+)
You are resistant to electric shocks. (rElec)
You are resistant to unholy torment.
You are immune to petrification.


   Skills:
 - Level 3.2 Fighting
 + Level 2.1 Axes
 - Level 1.5 Dodging
 - Level 5.4 Stealth


You couldn't memorise any spells.
You didn't know any spells.
Your spell library was empty.

Inventory:

Hand Weapons
 Y - a +0 hand axe (weapon)
Armour
 a - a +0 scale mail
 b - a +0 leather armour (worn)
Wands
 g - a wand of digging (3)
Potions
 f - a potion of haste
 h - a potion of mutation {unknown}

Dungeon Overview and Level Annotations

Branches:
Dungeon (5/15)             Temple (1/1) D:5

Altars:
Ashenzari
Dithmenos
Elyvilon
Fedhas
Hepliaklqana
Kikubaaqudgha
Okawaru
Qazlal
Ru
Vehumet
Wu Jian
Xom
Yredelemnul
Zin


Message History

There is an open door here.
There is a staircase back to the Dungeon here.
You climb upwards.
There is a staircase to the Ecumenical Temple here.
An iguana comes into view.
Things that are here:
a +0 scale mail; a +0 dagger; an orc skeleton
a - a +0 scale mail
Things that are here:
a +0 dagger; an orc skeleton An iguana is nearby!
377 ||| Stepping ~*~*~tactically~*~*~ (stealth).
An orc comes into view. It is wielding a +0 flail.
The orc moves out of view.
380 ||| Stepping ~*~*~tactically~*~*~ (stealth).
An iguana is nearby!
382 ||| Stepping ~*~*~tactically~*~*~ (stealth).
383 ||| Stepping ~*~*~tactically~*~*~ (stealth).
384 ||| Stepping ~*~*~tactically~*~*~ (stealth).
386 ||| Stepping ~*~*~tactically~*~*~ (stealth).
You hit the iguana.
The iguana is lightly wounded.
The iguana closely misses you. The iguana barely misses you.
You barely miss the iguana.
The iguana is lightly wounded.
The iguana bites you!
Ouch! That really hurt!
389 ||| Stepping ~*~*~tactically~*~*~ (stealth).
You closely miss the iguana.
The iguana is lightly wounded.
The iguana barely misses you.
The orc shouts!
You hit the iguana.
The iguana is moderately wounded.
The iguana barely misses you.
You hit the iguana.
The iguana is heavily wounded.
The iguana bites you!
Ouch! That really hurt!
You die...

#####..........#
#.#
#.....#.8.#....#
##'#####
#...#.......#...#
#.......
.#...8.>.8...#.#
#.......
...#..))...#...#
#.......
#.....#.8.#...###
#...>...
#...........####
#.......
##.....#l#.....#
#.......
#.#.#...@.###.#
#.......
........#....#
#.......
l............#
##'#####
.............#
#......
.............#
#######
..o.........+
............#
..........#


You could see an iguana and an orc.

Vanquished Creatures
  2 orcs (D:5)
2 creatures vanquished.

Notes
Turn   | Place    | Note
-------+----------+-------------------------------------------
     0 | D:5      | qw the Gargoyle Delver began the quest for the Orb.
     0 | D:5      | Reached XP level 1. HP: 14/14 MP: 1/1
     0 | D:5      | 0 ||| qw: Version: 0.1-a-117-gfe26ee0
     0 | D:5      | 0 ||| qw: Game counter: 9564
     0 | D:5      | 0 ||| qw: Always use a shield: true
     0 | D:5      | 0 ||| qw: God list: Okawaru
     0 | D:5      | 0 ||| qw: Allow faded altars: false
     0 | D:5      | 0 ||| qw: Do Orc after D:15 true
     0 | D:5      | 0 ||| qw: Do second Lair branch before Depths: true
     0 | D:5      | 0 ||| qw: Lair rune preference: random
     0 | D:5      | 0 ||| qw: Plans: Normal
     0 | D:5      | 0 ||| PLANNING D:1-11
    95 | D:5      | Found a staircase to the Ecumenical Temple.
    96 | D:5      | 96 ||| PLANNING TEMPLE
    96 | D:5      | 96 ||| READING scroll labelled WOPTOR WIM YGA.
    97 | D:5      | 97 ||| READING scroll labelled XENUYM CIEM.
    98 | D:5      | 98 ||| READING scroll labelled DAIFY ESEIWISM.
    99 | D:5      | 99 ||| DROPPING scroll of fog.
   100 | D:5      | 100 ||| DROPPING scroll of magic mapping.
   101 | D:5      | 101 ||| DROPPING scroll of fear.
   123 | Temple   | Entered the Ecumenical Temple
   331 | Temple   | 331 ||| PLANNING D:1-11
   342 | Temple   | Became a worshipper of Warmaster Okawaru
   372 | D:5      | Noticed an iguana
   377 | D:5      | 377 ||| Stepping ~*~*~tactically~*~*~ (stealth).
   380 | D:5      | 380 ||| Stepping ~*~*~tactically~*~*~ (stealth).
   382 | D:5      | 382 ||| Stepping ~*~*~tactically~*~*~ (stealth).
   383 | D:5      | 383 ||| Stepping ~*~*~tactically~*~*~ (stealth).
   384 | D:5      | 384 ||| Stepping ~*~*~tactically~*~*~ (stealth).
   386 | D:5      | 386 ||| Stepping ~*~*~tactically~*~*~ (stealth).
   389 | D:5      | 389 ||| Stepping ~*~*~tactically~*~*~ (stealth).
   392 | D:5      | Slain by an iguana

Levels and vault maps discovered:
D:5:      layout_basic, nicolae_tso_besieged_by_evil,
          mainiacjoe_overflow_boulevard, minmay_temple_entry_sparse_star,
          uniq_menkaure
Temple:   nicolae_temple_figure_eight

Skill      XL: |  1 |
---------------+----+-----
Axes           | 2 |  2.1
Fighting       | |  3.2
Dodging        | |  1.5
Stealth        | |  5.4

Action                   || total
-------------------------++-------
Melee: Hand axe          ||    11
  Use: Scroll            ||     3
Armor: Leather armour    ||     4
Dodge: Dodged            ||     9

Table legend:
 A = Non-vault XP
 B = Vault XP
 C = Vault XP percentage of total XP
 D = Non-vault monster count
 E = Vault monster count
 F = Vault count percentage of total count
                 A         B        C        D         E       F
            +---------+---------+-------+---------+---------+-------
      Total |       6 |       0 |   0.0 |       2 |       0 |   0.0
            +---------+---------+-------+---------+---------+-------
        D:5 |       6 |       0 |   0.0 |       2 |       0 |   0.0
            +---------+---------+-------+---------+---------+-------
